 Dungeon Crawl Stone Soup version 0.23.2-33-g5129a83184 (webtiles) character file.

Game seed: 16586729716235801440

915 DildoBatman the Conjurer (level 8, -5/52 HPs)
             Began as a Formicid Wizard on July 23, 2019.
             Was an Initiate of Kikubaaqudgha.
             Slain by a centaur zombie (8 damage)
             ... on level 6 of the Dungeon.
             The game lasted 00:22:07 (5407 turns).

DildoBatman the Conjurer (Formicid Wizard)          Turns: 5407, Time: 00:22:07

Health: -5/52      AC:  3    Str: 12    XL:     8   Next: 30%
Magic:  7/14       EV: 12    Int: 20    God:    Kikubaaqudgha [......]
Gold:   200        SH:  4    Dex: 11    Spells: 8/15 levels left

rFire    . . .     SeeInvis +   b - +0 hunting sling
rCold    . . .     Gourm    .   x - +0 buckler (curse)
rNeg     . . .     Faith    .   f - +0 robe
rPois    .         Spirit   .   (helmet unavailable)
rElec    .         Reflect  .   (no cloak)
rCorr    .         Harm     .   u - +0 pair of gloves
MR       +....                  (no boots)
Stlth    ++........             (no amulet)
HPRegen  0.17/turn              t - ring of protection from magic
MPRegen  0.14/turn              (no ring)

@: no status effects
A: permanent stasis, dig shafts and tunnels, four strong arms, antennae 3, agile
1, blurry vision 1
a: Dig, Shaft Self, Renounce Religion


You were on level 6 of the Dungeon.
You worshipped Kikubaaqudgha.
Kikubaaqudgha was noncommittal.
You were hungry.

You visited 2 branches of the dungeon, and saw 7 of its levels.

You collected 320 gold pieces.
You spent 120 gold pieces at shops.

Inventory:

Hand Weapons
 a - a +2 hand axe of chopping
 b - a +0 hunting sling (weapon)
 c - a +0 blowgun
 e - a +0 dagger of electrocution
Missiles
 d - 44 arrows
 h - 179 stones (quivered)
 m - 15 bolts
 r - 33 poisoned needles
Armour
 f - a +0 robe (worn)
 u - a +0 pair of gloves (worn)
 x - a cursed +0 buckler (worn)
Jewellery
 p - an uncursed ring of ice
 t - a ring of protection from magic (left hand)
 y - an uncursed ring of flight
Wands
 z - a wand of acid (8)
Scrolls
 i - 4 scrolls of remove curse
 j - 2 scrolls of enchant armour
 k - 2 scrolls of fog
 l - a scroll of enchant weapon {unknown}
 o - a scroll of immolation {unknown}
 s - a scroll of fear {unknown}
 w - a scroll of blinking {unknown}
Potions
 g - a potion of flight {unknown}
 n - a potion of brilliance {unknown}
 q - a potion of lignification {unknown}
Comestibles
 v - 13 rations


   Skills:
 - Level 1.7 Dodging
 - Level 2.6 Stealth
 - Level 3.9 Shields
 - Level 4.1 Spellcasting
 * Level 5.3 Conjurations
   Level 1.0 Summonings
   Level 0.8 Translocations
 * Level 2.5 Fire Magic
 * Level 2.1 Air Magic
 * Level 3.5 Poison Magic


You had 8 spell levels left.
You knew the following spells:

 Your Spells              Type           Power        Failure   Level  Hunger
a - Conjure Flame         Conj/Fire      ###.....     8%          3    ###....
c - Magic Dart            Conj           ####         1%          1    None
e - Mephitic Cloud        Conj/Pois/Air  ###.....     9%          3    ###....

Your spell library contained the following spells:

 Spells                   Type           Power        Failure   Level  Hunger
 Call Imp                 Summ           #.......     13%         2    #......
 Slow                     Hex            #.......     19%         2    #......
 Blink                    Tloc           Unusable     N/A         2    N/A

Dungeon Overview and Level Annotations

Branches:
Dungeon (6/15)             Temple (1/1) D:4

Altars:
Ashenzari
Cheibriados
Dithmenos
Elyvilon
Gozag
Hepliaklqana
Kikubaaqudgha
Nemelex Xobeh
Okawaru
Ru
Sif Muna
Trog
Uskayaw
Vehumet
Wu Jian
Xom
Zin

Shops:
D:5 !

Annotations:
D:6 2 transporters


Innate Abilities, Weirdness & Mutations

You cannot be hasted, slowed, berserked, paralysed or teleported.
You can dig through walls and to a lower floor.
Your four strong arms can wield two-handed weapons with a shield.
You have a pair of large antennae on your head. (SInv)
You are agile. (Dex +2)
Scrolls take you a little longer to read.


Message History

The centaur shoots an arrow.
The arrow hits you!
The centaur shoots an arrow.
The arrow hits you!
You see here an arrow.
The centaur shoots an arrow.
The arrow barely misses you.
The centaur shoots an arrow.
The arrow closely misses you.
You see here 2 arrows.
A centaur zombie comes into view.
Found a transporter.
Found a transporter.
The sky beast flickers out of sight for a moment.
The centaur zombie hits you but does no damage.
The sky beast flickers out of sight for a moment.
The centaur zombie hits you. The centaur zombie hits you!
You die...
Kikubaaqudgha rasps: "You have failed me!
Welcome... death!"

##... ... #...# ..# ...###...#
#..# { .........#####..
######..........#.^...
........##.#..#.#.##.#
≈≈≈≈≈...#.......#.##.#
≈≈≈≈≈...#.....#Z#.##.####
##≈≈...#.#.#{#.@.<.....#
{#≈≈...#.........##.######### . .
#≈≈...###.#.#.#...≈g†......###.
..#≈≈..{{.....#.#.##.##..........
###≈≈..####......................
#..≈≈.{# #...#.#.##.##.......{{#
##.≈≈..####.#.#.#.##.#######{####
.#.≈≈.c...#.#...#.......g..{..!..
##.≈≈..##(#.##..####.>..####....#


You could see a centaur zombie.

Vanquished Creatures
  Sigmund (D:2)
  Eustachio (D:4)
  A black bear (D:6)
  A phantom (D:5)
  An ogre (D:5)
  Blork the orc (D:5)
  A crimson imp (D:4)
  Jessica (D:3)
  Ijyb (D:3)
  2 worker ants (D:4)
  A hound skeleton (D:4)
  Robin (D:2)
  6 adders
  An ooze (D:3)
  4 worms
  2 dart slugs
  2 leopard geckos (D:2)
  7 orcs
  A ball python (D:3)
  4 giant cockroaches
  10 goblins
  10 hobgoblins
  4 jackals (D:1)
  9 bats
  4 frilled lizards
  7 kobolds
  11 rats
95 creatures vanquished.

Vanquished Creatures (others)
  7 toadstools (D:1)
7 creatures vanquished.

Grand Total: 102 creatures vanquished

Notes
Turn   | Place    | Note
-------+----------+-------------------------------------------
     0 | D:1      | DildoBatman the Formicid Wizard began the quest for the
                  | Orb.
     0 | D:1      | Reached XP level 1. HP: 13/13 MP: 4/4
    29 | D:1      | Reached skill level 1 in Conjurations
   207 | D:1      | Reached XP level 2. HP: 6/19 MP: 0/6
   318 | D:1      | Reached skill level 2 in Conjurations
   738 | D:1      | Reached XP level 3. HP: 16/24 MP: 4/7
   743 | D:1      | Learned a level 3 spell: Conjure Flame
   747 | D:1      | Learned a level 3 spell: Mephitic Cloud
   807 | D:1      | You fall through a shaft!
  1206 | D:2      | Found a shattered altar of Ashenzari.
  1220 | D:2      | Reached skill level 3 in Conjurations
  1374 | D:2      | Reached XP level 4. HP: 30/30 MP: 1/8
  1885 | D:2      | Found an opulent altar of Gozag.
  2042 | D:3      | Reached skill level 4 in Conjurations
  2042 | D:3      | Reached XP level 5. HP: 35/35 MP: 5/9
  2431 | D:3      | Noticed Jessica
  2492 | D:3      | Found a radiant altar of Vehumet.
  2586 | D:3      | Noticed Ijyb
  2671 | D:3      | Noticed Sigmund
  3190 | D:4      | Found a staircase to the Ecumenical Temple.
  3238 | D:4      | Noticed Eustachio
  3265 | D:4      | Found an iron altar of Okawaru.
  3466 | D:4      | Found a sparkling altar of Nemelex Xobeh.
  3499 | D:5      | Entered Level 5 of the Dungeon
  3506 | D:5      | Found an ornate altar of the Wu Jian Council.
  3549 | D:5      | Noticed an ogre
  3651 | D:5      | Noticed a phantom
  3695 | D:5      | Found a sacrificial altar of Ru.
  3783 | Temple   | Entered the Ecumenical Temple
  3867 | Temple   | Became a worshipper of Kikubaaqudgha
  3940 | D:5      | Noticed Blork the orc
  4041 | D:4      | Reached XP level 6. HP: 28/41 MP: 4/11
  4074 | D:4      | Reached skill level 1 in Poison Magic
  4371 | D:3      | Killed Jessica
  4371 | D:3      | Reached skill level 1 in Shields
  4482 | D:2      | Killed Sigmund
  4482 | D:2      | Reached XP level 7. HP: 46/46 MP: 6/12
  4535 | D:2      | Noticed Robin
  4555 | D:2      | Killed Robin
  4555 | D:2      | Reached skill level 1 in Fire Magic
  4738 | D:3      | Killed Ijyb
  4912 | D:4      | Killed Eustachio
  4912 | D:4      | Reached skill level 5 in Conjurations
  4912 | D:4      | Reached skill level 1 in Air Magic
  5001 | D:5      | Killed Blork the orc
  5209 | D:5      | Reached XP level 8. HP: 52/52 MP: 5/14
  5266 | D:5      | Found Xaiw's Distillery.
  5274 | D:5      | Bought a potion of mutation for 120 gold pieces
  5274 | D:5      | Gained mutation: Scrolls take you a little longer to read.
                  | [potion of mutation]
  5274 | D:5      | Gained mutation: You are agile. (Dex +2) [potion of
                  | mutation]
  5374 | D:6      | Found a bloodstained altar of Trog.
  5392 | D:6      | Found a transporter.
  5393 | D:6      | Found a transporter.
  5407 | D:6      | Slain by a centaur zombie

Skill      XL: |  1  2  3  4  5  6  7  8 |
---------------+-------------------------+-----
Conjurations   | 1 2 3 4 5 |  5.3
Poison Magic   | 1 2 3 |  3.5
Shields        | 3 |  3.9
Fire Magic     | 2 |  2.5
Air Magic      | 1 2 |  2.1
Spellcasting   | 4 |  4.1
Dodging        | |  1.7
Stealth        | |  2.6
Summonings     | |  1.0
Translocations | |  0.8

Action                   |  1- 3 |  4- 6 |  7- 9 || total
-------------------------+-------+-------+-------++-------
Melee: Unarmed           |     8 |       |       ||     8
       Hand axe          |       |     3 |    15 ||    18
       Dagger            |       |     1 |       ||     1
 Fire: Hunting sling     |    11 |    64 |    47 ||   122
 Cast: Magic Dart        |    80 |    83 |    24 ||   187
       Mephitic Cloud    |       |    13 |     8 ||    21
       Conjure Flame     |       |     1 |     9 ||    10
 Abil: Dig               |       |     3 |     3 ||     6
  Use: Scroll            |       |     5 |       ||     5
       Potion            |       |     2 |     1 ||     3
 Stab: Confused          |       |       |     1 ||     1
  Eat: Chunk             |     1 |    11 |     4 ||    16
Armor: Robe              |     8 |     5 |     7 ||    20
Dodge: Dodged            |    31 |    41 |    23 ||    95
Block: Buckler           |       |       |     7 ||     7
